 Dungeon Crawl Stone Soup version 0.23-a0-419-g0174fd8 (webtiles) character file.

791 XanderDroid the Cudgeler (level 7, 0/44 HPs)
             Began as a Gargoyle Fighter on Nov 9, 2018.
             Was a Follower of Okawaru.
             Slain by a two-headed ogre
             ... wielding a +0 giant spiked club
              (14 damage)
             ... on level 6 of the Dungeon on Nov 11, 2018.
             The game lasted 00:23:14 (5158 turns).

XanderDroid the Cudgeler (Gargoyle Fighter)         Turns: 5158, Time: 00:23:14

Health: 0/44       AC: 13    Str: 20    XL:     7   Next: 88%
Magic:  7/9        EV: 12    Int:  9    God:    Okawaru [*.....]
Gold:   316        SH: 11    Dex: 10    Spells: 6/6 levels left

rFire    . . .     SeeInvis +   a - +0 flail
rCold    + . .     Gourm    .   c - +0 shield
rNeg     + . .     Faith    .   s - +1 ring mail {rC+}
rPois    ∞         Spirit   .   (no helmet)
rElec    +         Reflect  .   (no cloak)
rCorr    .         Harm     .   (no gloves)
MR       .....                  (no boots)
Stlth    ++........             (no amulet)
HPRegen  0.14/turn              m - ring of see invisible
MPRegen  0.11/turn              (no ring)

@: heroism
A: negative energy resistance 1, electricity resistance, unbreathing,
petrification resistance, rot immunity, AC +4
a: Heroism, Renounce Religion


You were on level 6 of the Dungeon.
You worshipped Okawaru.
Okawaru was aware of your devotion.
You were not hungry.

You visited 2 branches of the dungeon, and saw 7 of its levels.

You collected 316 gold pieces.

Inventory:

Hand Weapons
 a - a +0 flail (weapon)
Missiles
 q - 13 bolts
Armour
 c - a +0 shield (worn)
 s - a +1 ring mail of cold resistance (worn)
Jewellery
 i - a +2 amulet of reflection
 m - a ring of see invisible (left hand)
Wands
 r - a wand of scattershot (5)
Scrolls
 b - a scroll of noise {unknown}
 e - 4 scrolls of remove curse
 h - 2 scrolls of teleportation {unknown}
 l - a scroll of amnesia {unknown}
Potions
 d - 2 potions of might
 j - a potion of ambrosia
 k - 7 potions of curing
 n - a potion of cancellation {unknown}
 o - a potion of brilliance {unknown}
 p - a potion of invisibility {unknown}
Comestibles
 f - 17 rations
 g - 2 chunks of flesh


   Skills:
 + Level 5.0(10.0) Fighting
 * Level 5.5(10.5) Maces & Flails
 + Level 5.0(10.0) Armour
 + Level 5.0(10.0) Shields
 - Level 3.0 Invocations


You had 6 spell levels left.
You didn't know any spells.
Your spell library was empty.

Dungeon Overview and Level Annotations

Branches:
Dungeon (6/15)             Temple (1/1) D:4

Altars:
Ashenzari
Cheibriados
Dithmenos
Elyvilon
Gozag
Kikubaaqudgha
Okawaru
Qazlal
Sif Muna
Vehumet
Xom
Yredelemnul
The Shining One


Innate Abilities, Weirdness & Mutations

You are resistant to torment.
Your stone body is resilient. (AC +4)
You are immune to poison.
You resist negative energy. (rN+)
You are resistant to electric shocks. (rElec)
You can survive without breathing.
You are immune to petrification.
You are immune to rotting.


Message History

Things that are here:
a +0 club; a +0 ring mail; an orc skeleton You gain the combat prowess of a mighty hero.
You thump the two-headed ogre!
The two-headed ogre is lightly wounded.
You block the two-headed ogre's attack.
The two-headed ogre hits you with a +0 giant club!!
Ouch! That really hurt!
You thump the two-headed ogre!
The two-headed ogre is moderately wounded.
You hit the two-headed ogre.
The two-headed ogre is moderately wounded.
The two-headed ogre hits you with a +0 giant spiked club!
The two-headed ogre hits you but does no damage.
You hit the two-headed ogre.
The two-headed ogre is heavily wounded.
You sock the two-headed ogre!
The two-headed ogre is severely wounded.
The two-headed ogre hits you with a +0 giant spiked club!
You die...

### +# #<# ####.#### #.#
#.......# ####.######
#.......#### #.....#...#
#........... #.#####...#
#.......... #.# #...#
#.÷.....###
#.#####...####)......#.#..
#.....'...@O..)...........
#######...#########.##.###
#...# .# .. ##### ##


You could see a two-headed ogre.

Vanquished Creatures
  Sigmund (D:3)
  An ice beast (D:5)
  A scorpion (D:5)
  A howler monkey (D:4)
  2 crimson imps (D:5)
  A hound (D:4)
  An orc wizard (D:3)
  A worker ant (D:5)
  Terence (D:3)
  3 gnolls (D:3)
  6 adders
  2 shadow imps (D:5)
  An ooze (D:2)
  3 worms
  3 dart slugs
  5 leopard geckos
  22 orcs
  4 ball pythons
  5 giant cockroaches
  9 goblins
  8 hobgoblins
  2 jackals (D:3)
  7 kobolds
  4 quokkas (D:2)
  14 bats
  7 frilled lizards
  12 rats
127 creatures vanquished.

Notes
Turn   | Place    | Note
-------+----------+-------------------------------------------
     0 | D:1      | XanderDroid the Gargoyle Fighter began the quest for the
                  | Orb.
     0 | D:1      | Reached XP level 1. HP: 14/14 MP: 1/1
   134 | D:1      | Reached XP level 2. HP: 17/19 MP: 2/2
   602 | D:1      | Reached XP level 3. HP: 20/23 MP: 3/3
  1168 | D:1      | Upgraded the game from 0.23-a0-416-g33f1def to
                  | 0.23-a0-417-gf02c810
  1215 | D:2      | Reached XP level 4. HP: 15/29 MP: 4/4
  1350 | D:2      | Found an iron altar of Okawaru.
  1378 | D:2      | Became a worshipper of Warmaster Okawaru
  1713 | D:2      | Found a radiant altar of Vehumet.
  2032 | D:3      | Reached XP level 5. HP: 19/33 MP: 5/5
  2124 | D:3      | Noticed Sigmund
  2200 | D:3      | Reached skill level 1 in Invocations
  2629 | D:3      | Found a shattered altar of Ashenzari.
  2824 | D:3      | Killed Sigmund
  2824 | D:3      | Reached * piety under Okawaru
  2824 | D:3      | Reached XP level 6. HP: 33/39 MP: 7/7
  3089 | D:3      | Noticed Terence
  3097 | D:3      | Killed Terence
  3409 | D:4      | Reached XP level 7. HP: 44/44 MP: 8/8
  3714 | D:4      | Found a snail-covered altar of Cheibriados.
  3781 | D:4      | Found a staircase to the Ecumenical Temple.
  3795 | Temple   | Entered the Ecumenical Temple
  4147 | D:4      | Upgraded the game from 0.23-a0-417-gf02c810 to
                  | 0.23-a0-419-g0174fd8
  4148 | D:5      | Entered Level 5 of the Dungeon
  4192 | D:5      | Reached skill level 5 in Maces & Flails
  4640 | D:5      | Reached skill level 5 in Fighting
  4640 | D:5      | Reached skill level 5 in Armour
  4640 | D:5      | Reached skill level 5 in Shields
  5140 | D:6      | Noticed a two-headed ogre
  5158 | D:6      | Slain by a two-headed ogre

Vault maps used:
D:1:      dpeg_arrival_subterranean_lakeside_camping
D:2:      okawaru_gym_becter, lemuel_doored_altar, minmay_split_cup_small
D:3:      cheibrodos_ashenzari_chains, uniq_sigmund, uniq_terence
D:4:      kennysheep_slug_shrine, minmay_temple_entry_glassed_door, first_ration
D:5:      kennysheep_potato
D:6:      marbit_many_paths, bloody_trog
Temple:   compressed_dpeg_triangle_lava_temple

Skill      XL: |  1  2  3  4  5  6  7 |
---------------+----------------------+-----
Maces & Flails | 3 4 5 |  5.5
Fighting       | 4 5 |  5.0
Armour         | 4 5 |  5.0
Shields        | 4 5 |  5.0
Invocations    | 2 3 |  3.0

Action                   |  1- 3 |  4- 6 |  7- 9 || total
-------------------------+-------+-------+-------++-------
Melee: Flail             |   164 |   246 |   115 ||   525
Invok: Heroism           |       |       |     2 ||     2
  Use: Scroll            |       |     4 |     2 ||     6
  Eat: Chunk             |     1 |     8 |     6 ||    15
Armor: Scale mail        |   124 |   132 |     9 ||   265
       Ring mail         |       |       |    40 ||    40
Dodge: Dodged            |    62 |    78 |    36 ||   176
Block: Shield            |   107 |   121 |    66 ||   294

Table legend:
 A = Non-vault XP
 B = Vault XP
 C = Vault XP percentage of total XP
 D = Non-vault monster count
 E = Vault monster count
 F = Vault count percentage of total count
                 A         B        C        D         E       F
            +---------+---------+-------+---------+---------+-------
      Total |     822 |     309 |  27.3 |     115 |      12 |   9.4
            +---------+---------+-------+---------+---------+-------
        D:1 |      49 |       7 |  12.5 |      27 |       6 |  18.2
        D:2 |      64 |      28 |  30.4 |      26 |       3 |  10.3
        D:3 |     198 |     270 |  57.7 |      41 |       2 |   4.7
        D:4 |     109 |       4 |   3.5 |       6 |       1 |  14.3
        D:5 |     393 |       0 |   0.0 |      12 |       0 |   0.0
        D:6 |       9 |       0 |   0.0 |       3 |       0 |   0.0
            +---------+---------+-------+---------+---------+-------
